 Dungeon Crawl Stone Soup version 0.31-a0-277-g31ea1f65cc (console) character file.

Game seed: 6921038423837573534

23632 jejorda2 the Grappler (level 13, -1/70 HPs)
             Began as a Gnoll Berserker on July 15, 2023.
             Was a High Priest of Trog.
             Slain by a centaur warrior (2 damage)
             ... in a volcano.
             The game lasted 00:49:35 (10326 turns).

jejorda2 the Grappler (Gnoll Berserker)            Turns: 10326, Time: 00:49:36

Health: -1/70      AC: 14    Str: 30    XL:     13   Next: 8%
Magic:  25/25      EV: 18    Int:  6    God:    Trog [*****.]
Gold:   1495       SH:  0    Dex: 19    Spells: 28/28 levels left

rFire   + +          +
                       - Unarmed
rCold   x x .        (shield currently unavailable)
rNeg    . . .        c - melded +0 scale mail
rPois   +            (helmet currently unavailable)
rElec   .            (cloak currently unavailable)
rCorr   .            (gloves currently unavailable)
SInv    .            (boots currently unavailable)
Will    .....        h - amulet "Onkium" {rF+ Regen+ Dex+5 Stlth+} Stlth
                     z - +5 ring of evasion
HPRegen 1.11/turn    b - ring of fire
MPRegen 0.19/turn

%: no passive effects
@: berserking, dragon-form, flying, very quick
A: dragon claw, dragon scales, breathe fire, flying, reduced hp, giant, (fangs
1), strong nose, distributed training
a: Breathe Fire, Begin Untransformation, Renounce Religion, Berserk, Trog's
Hand, Brothers in Arms


You were in a volcano.
You worshipped Trog.
Trog was extremely pleased with you.
You were a fearsome dragon!
You visited 2 branches of the dungeon, and saw 12 of its levels.
You also visited: Bailey and Volcano.

You collected 1820 gold pieces.
You spent 325 gold pieces at shops.

Inventory:

Hand Weapons
 q - a +4 triple sword
 x - a +5 broad axe
Armour
 c - a +0 scale mail (melded)
Jewellery
 b - a ring of fire (right foreclaw)
 h - the amulet "Onkium" (around neck) {rF+ Regen+ Dex+5 Stlth+}
   (You took it off a gnoll sergeant on level 9 of the Dungeon)

   [amulet of regeneration]

   Dex:       It affects your dexterity (+5).
   rF:        It protects you from fire.
   Regen:     It increases your rate of health regeneration.
   Stlth:     It makes you more stealthy.
 z - a +5 ring of evasion (left foreclaw)
 B - a ring of protection from cold
 D - a ring of protection from cold
Talismans
 n - a dragon-blood talisman
Wands
 d - a wand of digging (10)
 v - a wand of flame (11)
 w - a wand of polymorph (9)
 y - a wand of paralysis (7)
Scrolls
 e - 5 scrolls of teleportation
 i - 2 scrolls of poison
 j - 3 scrolls of vulnerability
 m - a scroll of blinking
 t - 2 scrolls of immolation
Potions
 a - a potion of berserk rage
 f - 3 potions of heal wounds
 g - a potion of invisibility {unknown}
 k - 2 potions of cancellation
 l - 3 potions of resistance
 o - 3 potions of lignification
 p - 3 potions of might
 r - 2 potions of mutation
 s - 2 potions of magic
 u - a potion of ambrosia
 A - 2 potions of curing
 C - 2 potions of attraction
 F - a potion of haste {unknown}
Miscellaneous
 E - a piece from Xom's chessboard (15/15)


   Skills:
 + Level 10.4 Fighting
 + Level 8.1 Short Blades
 + Level 8.1 Long Blades
 + Level 8.1 Axes
 + Level 8.1 Maces & Flails
 + Level 8.1 Polearms
 + Level 8.1 Staves
 + Level 8.1 Ranged Weapons
 + Level 8.1 Throwing
 + Level 9.3 Armour
 + Level 9.3 Dodging
 + Level 8.1 Stealth
 + Level 8.1 Shields
 + Level 10.4 Unarmed Combat
 + Level 8.1 Spellcasting
 + Level 6.7 Conjurations
 + Level 6.7 Hexes
 + Level 6.7 Summonings
 + Level 6.7 Necromancy
 + Level 6.7 Translocations
 + Level 6.7 Transmutations
 + Level 6.7 Fire Magic
 + Level 6.7 Ice Magic
 + Level 6.7 Air Magic
 + Level 6.7 Earth Magic
 + Level 6.7 Poison Magic
 + Level 8.8 Invocations
 + Level 8.1 Evocations
 + Level 6.7 Shapeshifting


You had 28 spell levels left.
You didn't know any spells.
Your spell library was empty.

Dungeon Overview and Level Annotations

Branches:
Dungeon (11/15)            Temple (0/1) D:5            Lair (1/5) D:9
    Orc (0/2) D:10         Bailey (visited)         Volcano (1/1)

Altars:
Ashenzari
Cheibriados
Dithmenos
Elyvilon
Fedhas
Kikubaaqudgha
Nemelex Xobeh
Trog
Vehumet
Wu Jian
Xom
Yredelemnul
Zin

Shops:
D:2 [   D:5 =   D:8 :

Annotations:
D:8 3 transporters


Innate Abilities, Weirdness & Mutations

You are a fearsome dragon!
You have a powerful clawing attack.
Your giant scaled body is strong and resiliant, but less evasive.
You can breathe fire.
You are flying.
Your maximum health is decreased, since you lack skill for your form.
Your armour is entirely melded.
You are incapable of wielding weapons or throwing items.
((You have very sharp teeth.))
Your uncanny sense of smell can sniff out nearby items.
Your experience applies equally to all skills.


Message History

Found 14 gold pieces.
You see here a +0 shortbow of flaming.
Found a potion of cancellation and 11 gold pieces.
The air gets thick with the scent of sulphur.
Found 13 gold pieces.
In the distance, the volcano erupts with a roar.
You now have 1474 gold pieces (gained 15).
Found a +2 broad axe of flaming.
You now have 1486 gold pieces (gained 12).
You now have 1495 gold pieces (gained 9).
There is a fountain of clear blue water here.
You see here a +0 shortbow of flaming.
A yaktaur and a centaur come into view.
The yaktaur is wielding a +1 arbalest of flaming.
The centaur is wielding a +2 shortbow of flaming.
The hell knight hits you with a +0 lajatang of flaming!!
Ouch! That really hurt!
The hell knight burns you.
The yaktaur moves out of view.
You hear a shout! x2; The centaur shouts!
There is an open door, spattered with blood here.
Unknown command.
A red film seems to cover your vision as you go berserk!
You feel yourself moving faster!
You feel mighty!
The hell knight hits you with a +0 lajatang of flaming!!
* * * LOW HITPOINT WARNING * * *
The hell knight hits you with a +0 lajatang of flaming.
* * * LOW HITPOINT WARNING * * *
You maul the hell knight!!!
You kill the hell knight!
Trog accepts your kill.
A centaur warrior comes into view.
It is wielding a +0 shortbow of flaming.
Found a burning altar of Makhleb.
The centaur warrior unwields a +0 shortbow of flaming.
It stops flaming.
The centaur warrior hits you.
* * * LOW HITPOINT WARNING * * *
The centaur warrior closely misses you.
Items here: ) [.
You barely miss the centaur warrior. The centaur warrior hits you.
* * * LOW HITPOINT WARNING * * *
The centaur warrior kicks you.
You die...

##### ##...## # #..8..#
#.##.....# #$[8.....#
#$!#..⌠..# ######
#$)##..)## ####.§... ##
###'## ####..§.§§§≈
#D..###8.....§§§§§
#.._.cc.∩.'.......§≈§≈≈≈
##....#...###8....≈≈≈≈≈§
#+#####+## ###..§≈≈§§≈§
∆∆ ##.§≈§§§≈≈§ ∆∆
##..≈§§≈≈§≈≈ ∆∆
###..§≈≈≈≈≈§§≈
#...≈≈≈≈≈≈§≈≈≈
#....≈≈§§≈≈≈≈§


You could see a centaur warrior and a centaur.

Vanquished Creatures
  An orc warlord (Bailey)
  Harold (D:9)
  5 two-headed ogres
  Erica (D:11)
  A centaur warrior (D:11)
  A hell knight (Volcano)
  2 orc knights
  Pikel (D:6)
  A cyclops (D:11)
  A rust devil (D:10)
  Maurice (D:8)
  Psyche (D:10)
  A smoke demon (D:10)
  A kobold demonologist (D:10)
  A komodo dragon (Lair:1)
  A red devil (D:10)
  A hornet (D:9)
  A hellwing (D:10)
  2 wraiths
  29 yaks
  2 vampires
  7 fire bats (Volcano)
  2 vampire mosquitoes (D:11)
  2 steam dragons
  Edmund (D:6)
  Grum (D:11)
  An acid dragon (D:10)
  3 water moccasins
  5 black bears
  8 orc warriors
  6 ogres
  An ice beast (D:6)
  2 sky beasts
  9 centaurs
  3 wolves (D:11)
  A lemure (D:6)
  2 kobold brigands (D:9)
  3 bullfrogs (D:9)
  3 gnoll sergeants
  5 scorpions
  13 wights
  5 killer bees
  4 howler monkeys
  8 lava snakes
  A jelly (D:4)
  Crazy Yiuf (D:3)
  9 orc priests
  2 gnoll boudas
  8 hounds
  6 iguanas
  14 orc wizards
  Robin (D:3)
  23 gnolls
  14 adders
  2 shadow imps
  A white imp (D:8)
  3 worms
  5 dart slugs
  45 orcs
  10 bats
  8 endoplasms
  5 giant cockroaches
  15 hobgoblins
  14 jackals
  3 quokkas
  8 ball pythons
  6 frilled lizards
  15 goblins
  22 kobolds
  8 rats
400 creatures vanquished.

Vanquished Creatures (others)
  A scorpion (D:6)
  An orc (D:6)
2 creatures vanquished.

Grand Total: 402 creatures vanquished

Notes
Turn   | Place    | Note
-------+----------+-------------------------------------------
     0 | D:1      | jejorda2 the Gnoll Berserker began the quest for the Orb.
     0 | D:1      | Reached XP level 1. HP: 23/23 MP: 1/1
    92 | D:1      | Reached XP level 2. HP: 29/29 MP: 2/2
   359 | D:1      | Reached ** piety under Trog
   360 | D:1      | Reached XP level 3. HP: 11/35 MP: 3/3
   529 | D:1      | Reached skill level 1 in Invocations
   840 | D:2      | Reached skill level 1 in Short Blades
   840 | D:2      | Reached skill level 1 in Long Blades
   840 | D:2      | Reached skill level 1 in Axes
   840 | D:2      | Reached skill level 1 in Maces & Flails
   840 | D:2      | Reached skill level 1 in Polearms
   840 | D:2      | Reached skill level 1 in Staves
   840 | D:2      | Reached skill level 1 in Ranged Weapons
   840 | D:2      | Reached skill level 1 in Throwing
   840 | D:2      | Reached skill level 1 in Stealth
   840 | D:2      | Reached skill level 1 in Shields
   840 | D:2      | Reached skill level 1 in Spellcasting
   840 | D:2      | Reached skill level 1 in Evocations
   848 | D:2      | Reached XP level 4. HP: 18/41 MP: 5/5
   961 | D:2      | Found Xuoroiho's Armour Shoppe.
  1524 | D:3      | Reached skill level 1 in Conjurations
  1524 | D:3      | Reached skill level 1 in Hexes
  1524 | D:3      | Reached skill level 1 in Summonings
  1524 | D:3      | Reached skill level 1 in Necromancy
  1524 | D:3      | Reached skill level 1 in Translocations
  1524 | D:3      | Reached skill level 1 in Transmutations
  1524 | D:3      | Reached skill level 1 in Fire Magic
  1524 | D:3      | Reached skill level 1 in Ice Magic
  1524 | D:3      | Reached skill level 1 in Air Magic
  1524 | D:3      | Reached skill level 1 in Earth Magic
  1524 | D:3      | Reached skill level 1 in Poison Magic
  1524 | D:3      | Reached skill level 1 in Shapeshifting
  1533 | D:3      | Noticed Robin
  1544 | D:3      | Found a runed translucent door.
  1567 | D:3      | Noticed Crazy Yiuf
  1571 | D:3      | Killed Crazy Yiuf
  1572 | D:3      | Reached XP level 5. HP: 21/47 MP: 5/7
  1747 | D:3      | Killed Robin
  1752 | D:3      | Reached *** piety under Trog
  1771 | D:3      | Found a white marble altar of Elyvilon.
  1889 | D:3      | Found a broken altar of Ashenzari.
  1889 | D:3      | Found a radiant altar of Vehumet.
  2131 | D:4      | Noticed an ogre
  2168 | D:4      | Killed an ogre
  2169 | D:4      | Reached skill level 5 in Armour
  2169 | D:4      | Reached skill level 5 in Dodging
  2169 | D:4      | Reached XP level 6. HP: 23/53 MP: 7/9
  2573 | D:4      | Found a glowing silver altar of Zin.
  2573 | D:4      | Noticed an angel
  2602 | D:4      | Reached **** piety under Trog
  2616 | D:4      | Found a basalt altar of Yredelemnul.
  2638 | D:4      | Reached XP level 7. HP: 26/59 MP: 10/10
  2956 | D:5      | Entered Level 5 of the Dungeon
  3126 | D:5      | Reached XP level 8. HP: 30/67 MP: 12/12
  3281 | D:5      | Identified the +0 plate armour of Opseor {+Blink rPois
                  | Stlth-}
  3439 | D:5      | Found a staircase to the Ecumenical Temple.
  3500 | D:5      | Found a blossoming altar of Fedhas.
  3817 | D:5      | Found Miucerir's Jewellery Emporium.
  3882 | D:6      | Found a shadowy altar of Dithmenos.
  4077 | D:6      | Found a shimmering altar of Xom.
  4091 | D:6      | Reached XP level 9. HP: 32/73 MP: 14/14
  4273 | D:6      | Noticed Edmund
  4278 | D:6      | Killed Edmund
  4329 | D:6      | Noticed Pikel
  4330 | D:6      | Killed Pikel
  4441 | D:6      | Reached skill level 5 in Invocations
  4841 | D:7      | Reached ***** piety under Trog
  4984 | D:7      | Reached XP level 10. HP: 30/80 MP: 17/17
  4996 | D:7      | Reached skill level 5 in Short Blades
  4996 | D:7      | Reached skill level 5 in Long Blades
  4996 | D:7      | Reached skill level 5 in Axes
  4996 | D:7      | Reached skill level 5 in Maces & Flails
  4996 | D:7      | Reached skill level 5 in Polearms
  4996 | D:7      | Reached skill level 5 in Staves
  4996 | D:7      | Reached skill level 5 in Ranged Weapons
  4996 | D:7      | Reached skill level 5 in Throwing
  4996 | D:7      | Reached skill level 5 in Stealth
  4996 | D:7      | Reached skill level 5 in Shields
  4996 | D:7      | Reached skill level 5 in Spellcasting
  4996 | D:7      | Reached skill level 5 in Evocations
  5315 | D:7      | Found a sparkling altar of Nemelex Xobeh.
  5508 | D:5      | Bought a ring of protection from cold for 325 gold pieces
  5658 | D:8      | Noticed Maurice
  5662 | D:8      | Killed Maurice
  6121 | D:8      | Found Hipn's Book Shop.
  6304 | D:8      | Found a transporter.
  6306 | D:8      | Found a transporter.
  6308 | D:8      | Found a transporter.
  6392 | D:8      | Found a transporter.
  6553 | D:8      | Noticed a two-headed ogre
  6559 | D:8      | Killed a two-headed ogre
  6811 | D:9      | Found a staircase to the Lair.
  6893 | D:9      | Reached XP level 11. HP: 18/87 MP: 19/19
  6900 | D:9      | Reached skill level 5 in Conjurations
  6900 | D:9      | Reached skill level 5 in Hexes
  6900 | D:9      | Reached skill level 5 in Summonings
  6900 | D:9      | Reached skill level 5 in Necromancy
  6900 | D:9      | Reached skill level 5 in Translocations
  6900 | D:9      | Reached skill level 5 in Transmutations
  6900 | D:9      | Reached skill level 5 in Fire Magic
  6900 | D:9      | Reached skill level 5 in Ice Magic
  6900 | D:9      | Reached skill level 5 in Air Magic
  6900 | D:9      | Reached skill level 5 in Earth Magic
  6900 | D:9      | Reached skill level 5 in Poison Magic
  6900 | D:9      | Reached skill level 5 in Shapeshifting
  7025 | D:9      | Noticed Harold
  7030 | D:9      | Killed Harold
  7292 | D:9      | Received a gift from Trog
  7541 | D:9      | Identified the amulet "Onkium" {rF+ Regen+ Dex+5 Stlth+}
  7671 | D:10     | Entered Level 10 of the Dungeon
  7681 | D:10     | Noticed a two-headed ogre
  7688 | D:10     | Killed a two-headed ogre
  7712 | D:10     | Found a flagged portal.
  7723 | Bailey   | Entered a bailey
  7728 | Bailey   | Noticed an orc warlord
  7754 | Bailey   | Noticed an orc knight
  7767 | Bailey   | Killed an orc knight
  7801 | Bailey   | Found a runed translucent gate.
  7801 | Bailey   | Found a runed translucent gate.
  7801 | Bailey   | Found a runed translucent gate.
  8040 | Bailey   | Killed an orc warlord
  8063 | Bailey   | Acquired 1006 gold pieces
  8116 | D:10     | Noticed a two-headed ogre
  8123 | D:10     | Killed a two-headed ogre
  8243 | D:10     | Found an ornate altar of the Wu Jian Council.
  8249 | D:10     | Found a bloodstained altar of Trog.
  8249 | D:10     | Found a snail-covered altar of Cheibriados.
  8250 | D:10     | Found an ancient bone altar of Kikubaaqudgha.
  8316 | D:10     | Reached XP level 12. HP: 43/97 MP: 22/22
  8539 | D:10     | Found a staircase to the Orcish Mines.
  8636 | D:10     | Noticed Psyche
  8641 | D:10     | Killed Psyche
  8830 | D:10     | Reached skill level 10 in Fighting
  8830 | D:10     | Reached skill level 10 in Unarmed Combat
  8858 | D:10     | You are sucked into a shaft and drop 1 floor!
  9008 | D:11     | Noticed Erica
  9015 | D:11     | Killed Erica
  9027 | D:11     | Noticed Grum
  9039 | D:11     | Killed Grum
  9475 | D:11     | Noticed a two-headed ogre
  9481 | D:11     | Killed a two-headed ogre
  9755 | D:11     | Noticed a centaur warrior
  9758 | D:11     | Killed a centaur warrior
 10095 | D:9      | Noticed a two-headed ogre
 10102 | D:9      | Killed a two-headed ogre
 10115 | Lair:1   | Entered Level 1 of the Lair of Beasts
 10148 | Lair:1   | Found a dark tunnel.
 10160 | Volcano  | Entered a volcano
 10200 | Volcano  | Reached XP level 13. HP: 26/104 MP: 24/24
 10304 | Volcano  | Received a gift from Trog
 10325 | Volcano  | Found a burning altar of Makhleb.
 10326 | Volcano  | HP: 1/70 [centaur warrior (4)]
 10326 | Volcano  | Slain by a centaur warrior

Illustrated notes

Levels and vault maps discovered:
D:1:      dpeg_arrival_arbitrary_a, layout_rooms, minmay_split_cup_large
D:2:      layout_basic, serial_shops, nicolae_shop_real_fake_doors,
          nrook_campfire, minmay_tromino_i4
D:3:      layout_rooms, elyvilon_altar_5, gammafunk_temple_overflow_wave,
          uniq_robin, uniq_crazy_yiuf_cottage
D:4:      minmay_razor_zed, layout_basic,
          mainiacjoe_overflow_concentric_impassable, zin_angel,
          kennysheep_path_1
D:5:      layout_loops_corners, fedhas_bush_and_centaur_altar,
          minmay_temple_entry_large_hall, serial_shops,
          nicolae_shop_back_alley_shop
D:6:      nicolae_cairo_tiling, layout_loops_ring, xom_confusion_cloud,
          grunt_dithmenos_smoke, uniq_pikel, uniq_edmund
D:7:      layout_basic, nemelex_dance_club_becter
D:8:      layout_basic, serial_shops, shop, nicolae_diode_quadrants,
          uniq_maurice
D:9:      layout_rooms, due_lair_maze_entry_diamond,
          hangedman_decor_clover_reticule, minmay_starry_boxes, uniq_harold
D:10:     layout_stronghold, minitemple, david_orc_5, enter_bailey_7,
          nicolae_where_there's_smoke, uniq_psyche
D:11:     layout_irregular_city, uniq_grum, uniq_erica
Lair:1:   layout_roguey, nicolae_volcano_entry_hallway, worms_lemuel,
          lemuel_fruit_fields
Volcano:  volcano_grotto [vgs_many_chambers]

Skill      XL: |  1  2  3  4  5  6  7  8  9 10 11 12 13 |
---------------+----------------------------------------+-----
Invocations    | 1 2 3 4 5 6 7 8 |  8.8
Short Blades   | 1 2 3 4 5 6 7 8 |  8.1
Long Blades    | 1 2 3 4 5 6 7 8 |  8.1
Axes           | 1 2 3 4 5 6 7 8 |  8.1
Maces & Flails | 1 2 3 4 5 6 7 8 |  8.1
Polearms       | 1 2 3 4 5 6 7 8 |  8.1
Staves         | 1 2 3 4 5 6 7 8 |  8.1
Ranged Weapons | 1 2 3 4 5 6 7 8 |  8.1
Throwing       | 1 2 3 4 5 6 7 8 |  8.1
Stealth        | 1 2 3 4 5 6 7 8 |  8.1
Shields        | 1 2 3 4 5 6 7 8 |  8.1
Spellcasting   | 1 2 3 4 5 6 7 8 |  8.1
Evocations     | 1 2 3 4 5 6 7 8 |  8.1
Conjurations   | 1 2 3 4 5 6 |  6.7
Hexes          | 1 2 3 4 5 6 |  6.7
Summonings     | 1 2 3 4 5 6 |  6.7
Necromancy     | 1 2 3 4 5 6 |  6.7
Translocations | 1 2 3 4 5 6 |  6.7
Transmutations | 1 2 3 4 5 6 |  6.7
Fire Magic     | 1 2 3 4 5 6 |  6.7
Ice Magic      | 1 2 3 4 5 6 |  6.7
Air Magic      | 1 2 3 4 5 6 |  6.7
Earth Magic    | 1 2 3 4 5 6 |  6.7
Poison Magic   | 1 2 3 4 5 6 |  6.7
Shapeshifting  | 1 2 3 4 5 6 |  6.7
Armour         | 5 6 7 8 9 |  9.3
Dodging        | 5 6 7 8 9 |  9.3
Fighting       | 7 8 9 10 | 10.4
Unarmed Combat | 7 8 9 10 | 10.4

Action                     |  1- 3 |  4- 6 |  7- 9 | 10-12 | 13-15 || total
---------------------------+-------+-------+-------+-------+-------++-------
  Melee: Unarmed           |    78 |    98 |   109 |   323 |    14 ||   622
         Bite              |     5 |     5 |     5 |    20 |       ||    35
         Constrict         |     3 |       |       |       |       ||     3
         Punch             |     1 |     2 |     3 |     9 |       ||    15
         Tailslap          |       |     6 |     8 |    30 |     1 ||    45
 Invoke: Trog's Hand       |       |       |     3 |     5 |     1 ||     9
         Berserk           |       |       |     1 |     9 |     1 ||    11
         Brothers in Arms  |       |       |       |     1 |       ||     1
Ability: Breathe Fire      |     2 |     4 |     9 |    14 |       ||    29
  Evoke: Wand              |       |       |       |     1 |       ||     1
         Piece from Xom's  |       |       |       |     1 |       ||     1
    Use: Scroll            |       |       |       |    27 |       ||    27
   Stab: Sleeping          |       |     5 |     2 |    12 |     1 ||    20
 Armour: Scale mail        |     9 |       |       |       |       ||     9
         Skin              |    11 |    21 |    18 |    72 |     4 ||   126
  Dodge: Dodged            |    47 |    58 |    78 |   248 |    14 ||   445
   Form: Anaconda          |     1 |       |       |       |       ||     1
         Dragon            |     1 |       |       |       |       ||     1

Table legend: (Time is in decaauts)
 A = Elapsed time spent in this place.
 B = Non-inter-level travel time spent in this place.
 C = Inter-level travel time spent in this place.
 D = Time resting spent in this place.
 E = Time spent auto-exploring this place.
 F = Levels seen in this place.
 G = Mean time per level.
                   A        B        C        D        E       F      G
               +--------+--------+--------+--------+--------+-----+--------+
         Total |  10348 |   9331 |   1017 |    750 |   6354 |  14 |  739.1 |
       Dungeon |   9759 |   8770 |    989 |    698 |   6120 |  11 |  887.2 |
          Lair |     43 |     15 |     28 |      0 |      0 |   1 |   43.0 |
        Bailey |    373 |    373 |      0 |     32 |    151 |   1 |  373.0 |
       Volcano |    173 |    173 |      0 |     19 |     83 |   1 |  173.0 |
               +--------+--------+--------+--------+--------+-----+--------+

Top non-repeatable levels by time:
    D:10: 1336 daAuts
     D:7: 1105 daAuts
     D:4: 1036 daAuts
     D:5: 1004 daAuts
     D:8: 936 daAuts
     D:2: 921 daAuts
     D:6: 878 daAuts
     D:9: 741 daAuts
    D:11: 735 daAuts
     D:1: 543 daAuts
     D:3: 520 daAuts
  Bailey: 373 daAuts
 Volcano: 173 daAuts
  Lair:1: 43 daAuts
